 Dungeon Crawl Stone Soup version 0.26-a0-639-g72c4674329 (webtiles) character file.

Game seed: 13988582085498962577

814 Descartes the Magician (level 7, -7/36 HPs)
             Began as a Deep Elf Hedge Wizard on Sept 16, 2020.
             Was an Initiate of Dithmenos.
             Shot with an arrow by a centaur (12 damage)
             ... on level 5 of the Dungeon on Sept 17, 2020.
             The game lasted 00:11:17 (7043 turns).

Descartes the Magician (Deep Elf Hedge Wizard)      Turns: 7043, Time: 00:11:17

Health: -7/36      AC:  3    Str:  7    XL:     7   Next: 62%
Magic:  11/19      EV: 14    Int: 21    God:    Dithmenos [......]
Gold:   193        SH:  0    Dex: 14    Spells: 10/19 levels left

rFire    . . .     SeeInvis .   n - +1 short sword (venom)
rCold    + . .     Faith    .   (no shield)
rNeg     . . .     Spirit   .   y - +0 leather armour
rPois    .         Reflect  .   c - +0 hat
rElec    .         Harm     .   (no cloak)
rCorr    .         Rampage  .   (no gloves)
MR       .....                  (no boots)
Stlth    +++.......             (no amulet)
HPRegen  0.12/turn              v - ring of protection from cold
MPRegen  0.16/turn              (no ring)

@: no status effects
A: no striking features
a: Renounce Religion


You were on level 5 of the Dungeon.
You worshipped Dithmenos.
Dithmenos was noncommittal.
You visited 2 branches of the dungeon, and saw 6 of its levels.

You collected 193 gold pieces.

Inventory:

Hand Weapons
 a - a +0 dagger
 f - a +0 whip of venom
 n - a +1 short sword of venom (weapon)
Missiles
 d - 22 arrows
 e - 52 bolts
 g - 65 stones (quivered)
 r - 38 poisoned darts
 t - 48 sling bullets
 u - 2 boomerangs
Armour
 b - a +0 robe
 c - a +0 hat (worn)
 w - a +0 chain mail of positive energy
 y - a +0 leather armour (worn)
Jewellery
 v - a ring of protection from cold (left hand)
 D - an uncursed ring of positive energy {unknown}
Scrolls
 h - 2 scrolls of identify {unknown}
 j - 2 scrolls of amnesia {unknown}
 l - a scroll of magic mapping {unknown}
 m - 3 scrolls of remove curse {unknown}
 q - 2 scrolls of enchant weapon {unknown}
Potions
 i - 2 potions of resistance {unknown}
 k - a potion of lignification {unknown}
 o - 2 potions of stabbing {unknown}
 p - 2 potions of curing
 s - a potion of heal wounds {unknown}
 x - a potion of mutation {unknown}
 z - a potion of magic {unknown}
 A - a potion of might {unknown}
 B - a potion of flight {unknown}
 C - a potion of haste {unknown}


   Skills:
 + Level 5.4 Dodging
 + Level 5.8 Stealth
 + Level 6.8 Spellcasting
 + Level 4.4 Conjurations
   Level 1.1 Summonings
 + Level 3.0 Translocations


You had 10 spell levels left.
You knew the following spells:

 Your Spells              Type           Power        Failure   Level
a - Magic Dart            Conj           ####         2%          1
b - Blink                 Tloc           N/A          6%          2
c - Conjure Flame         Conj/Fire      ###.....     16%         3
d - Mephitic Cloud        Conj/Pois/Air  ##......     22%         3

Your spell library contained the following spells:

 Spells                   Type           Power        Failure   Level
 Call Imp                 Summ           ##......     13%         2
 Slow                     Hex            #.......     21%         2


Dungeon Overview and Level Annotations

Branches:
Dungeon (5/15)             Temple (1/1) D:5

Altars:
Ashenzari
Cheibriados
Dithmenos
Elyvilon
Fedhas
Hepliaklqana
Kikubaaqudgha
Makhleb
Nemelex Xobeh
Okawaru
Qazlal
Ru
Sif Muna
Trog
Vehumet
Wu Jian
Yredelemnul
Zin
The Shining One


Message History

The magic dart hits the centaur.
The centaur is severely wounded.
You hit the centaur but do no damage.
The centaur is severely wounded.
The centaur barely misses you.
The centaur hits you with a cursed -1 shortbow.
You hit the centaur but do no damage.
The centaur is severely wounded.
The centaur hits you with a cursed -1 shortbow!
The ogre barely misses you.
You hit the ogre.
The ogre is poisoned.
The ogre is lightly wounded.
The centaur closely misses you. The centaur misses you.
The ogre hits you with a +0 giant spiked club!!
Ouch! That really hurt!
* * * LOW HITPOINT WARNING * * *
You see here an arrow.
The centaur shoots an arrow.
The arrow barely misses you.
The centaur shoots an arrow.
The arrow hits you!
You die...

..# ..# ' ..# ...#. ..#
..)#'############.
#'######................
.......#.../............
.......#................
.......#......O.........
#####..#.....gc(@....(..
....#..##.....##########
....#...#.....'....#
....#...#.....#....# ..##
....#...#.....#....# ....#
....#...#.....#....#.....+
....#...#.....#....'.....#
....#####.....#....###..# #####+#
##............#....###'####......


You could see an ogre (very poisoned), a centaur and a gnoll.

Vanquished Creatures
  2 ogres (D:4)
  A bullfrog (D:3)
  3 orc priests (D:4)
  A hound (D:4)
  An iguana (D:5)
  5 orc wizards
  4 worker ants
  2 gnolls (D:5)
  3 adders
  3 white imps
  An ufetubus (D:5)
  4 oozes
  An adder skeleton (D:3)
  2 worms
  A dart slug (D:3)
  2 leopard geckos (D:2)
  15 orcs
  6 giant cockroaches
  9 goblins
  7 hobgoblins
  4 jackals (D:5)
  7 kobolds
  A ball python (D:3)
  5 bats
  7 frilled lizards
  2 quokka skeletons (D:4)
  10 rats
109 creatures vanquished.

Vanquished Creatures (others)
  A human (D:2)
  2 plants (D:5)
3 creatures vanquished.

Grand Total: 112 creatures vanquished

Notes
Turn   | Place    | Note
-------+----------+-------------------------------------------
     0 | D:1      | Descartes the Deep Elf Hedge Wizard began the quest for the
                  | Orb.
     0 | D:1      | Reached XP level 1. HP: 10/10 MP: 7/7
   304 | D:1      | Reached XP level 2. HP: 12/15 MP: 4/9
  1213 | D:2      | Reached XP level 3. HP: 19/19 MP: 3/11
  1217 | D:2      | Learned a level 2 spell: Blink
  1221 | D:2      | Learned a level 3 spell: Conjure Flame
  1225 | D:2      | Learned a level 3 spell: Mephitic Cloud
  1532 | D:2      | Found an ancient bone altar of Kikubaaqudgha.
  1532 | D:2      | Noticed a human
  1584 | D:2      | Killed a human
  1846 | D:2      | Reached skill level 5 in Spellcasting
  2158 | D:2      | Found a glowing golden altar of the Shining One.
  2305 | D:2      | Found a burning altar of Makhleb.
  2835 | D:3      | Reached XP level 4. HP: 24/24 MP: 7/13
  3048 | D:3      | Noticed a bullfrog
  3060 | D:3      | Killed a bullfrog
  3060 | D:3      | Reached XP level 5. HP: 7/28 MP: 5/14
  4589 | D:4      | Reached XP level 6. HP: 32/32 MP: 12/16
  4719 | D:4      | Reached skill level 6 in Spellcasting
  4885 | D:4      | Reached skill level 5 in Stealth
  5534 | D:4      | Reached XP level 7. HP: 35/36 MP: 11/18
  5645 | D:4      | Reached skill level 5 in Dodging
  5868 | D:4      | Found a white marble altar of Elyvilon.
  6018 | D:5      | Entered Level 5 of the Dungeon
  6450 | D:5      | Found a shattered altar of Ashenzari.
  6499 | D:5      | Found a staircase to the Ecumenical Temple.
  6508 | Temple   | Entered the Ecumenical Temple
  6755 | Temple   | Became a worshipper of Dithmenos the Shadowed
  7043 | D:5      | Shot with an arrow by a centaur

Illustrated notes

Levels and vault maps discovered:
D:1:      wander_arrival_fairy_ring, layout_basic
D:2:      layout_loops_ring, nicolae_tso_swordbearing_angel,
          lemuel_doored_altar, tgw_kikubaaqudgha
D:3:      layout_basic, chequers_serial_rivers_room_a
D:4:      cheibrodos_helix_gallery, layout_basic, kennysheep_little_box,
          grunt_decor_arrowhead
D:5:      layout_gridville, nicolae_ashenzari_panopticon,
          minmay_temple_entry_overgrown
Temple:   eino_temple_water

Skill      XL: |  1  2  3  4  5  6  7 |
---------------+----------------------+-----
Stealth        | 3 4 5 |  5.8
Dodging        | 3 4 5 |  5.4
Conjurations   | 2 3 4 |  4.4
Spellcasting   | 5 6 |  6.8
Translocations | 2 3 |  3.0
Summonings     | |  1.1

Action                   |  1- 3 |  4- 6 |  7- 9 || total
-------------------------+-------+-------+-------++-------
Melee: Dagger            |    10 |       |       ||    10
       Short sword       |     2 |    46 |    38 ||    86
 Cast: Magic Dart        |   129 |   126 |    57 ||   312
  Use: Potion            |       |       |     1 ||     1
Armor: Robe              |     9 |     2 |       ||    11
       Leather armour    |       |     1 |     7 ||     8
Dodge: Dodged            |    29 |    45 |    41 ||   115

Table legend: (Time is in decaauts)
 A = Elapsed time spent in this place.
 B = Non-inter-level travel time spent in this place.
 C = Inter-level travel time spent in this place.
 D = Time resting spent in this place.
 E = Time spent auto-exploring this place.
 F = Levels seen in this place.
 G = Mean time per level.
                   A        B        C        D        E       F      G
               +--------+--------+--------+--------+--------+-----+--------+
         Total |   7056 |   6931 |    125 |      0 |   6040 |   6 | 1176.0 |
       Dungeon |   6792 |   6683 |    109 |      0 |   5837 |   5 | 1358.4 |
        Temple |    264 |    248 |     16 |      0 |    203 |   1 |  264.0 |
               +--------+--------+--------+--------+--------+-----+--------+

Top non-repeatable levels by time:
     D:3: 1781 daAuts
     D:4: 1675 daAuts
     D:2: 1390 daAuts
     D:1: 1181 daAuts
     D:5: 763 daAuts
  Temple: 264 daAuts
